Map: Newkirk Precinct TE (Void)

Players

WayTeh - Winner!

  • Race: Protoss Protoss
  • League: Master
  • Spawn Location: 5:00

A.I. 1 (Very Easy)

  • Race: Terran Terran
  • Spawn Location: 7:00

VOD

Have the link to the VOD?

Description

Time

  • Played on: Feb. 14, 2017, 12:58 p.m.
  • Length: 11:11
Show
View Real Time Build Order
Export as new Build Order

WayTeh Protoss - Winner!

Build Orders: 1 Gate Expand, Colossus Rush 

Get SALT Encoding   

  12  0:01  Probe (Chrono Boost)  
  13  0:11  Probe (Chrono Boost)  
  14  0:18  Pylon  
  14  0:22  Probe (Chrono Boost)  
  15  0:36  Gateway, Probe (Chrono Boost)  
  16  0:44  Assimilator  
  16  0:47  Probe (Chrono Boost)  
  17  0:57  Probe (Chrono Boost)  
  18  1:08  Probe (Chrono Boost)  
  19  1:20  Nexus  
  19  1:30  Cybernetics Core  
  19  1:33  Probe (Chrono Boost)  
  19  1:38  Assimilator  
  20  1:43  Probe (Chrono Boost)  
  21  1:47  Pylon  
  22  1:54  Probe (Chrono Boost)  
  22  2:07  Mothership Core (Chrono Boost)  
  24  2:12  Warp Gate  
  24  2:18  Adept  
  26  2:25  Probe (Chrono Boost)  
  27  2:33  Probe (Chrono Boost)  
  27  2:35  Probe (Chrono Boost)  
  29  2:40  Robotics Facility  
  30  2:44  Probe (Chrono Boost)  
  30  2:45  Adept  
  30  2:46  Probe (Chrono Boost)  
  33  2:54  Probe (Chrono Boost)  
  33  2:56  Probe (Chrono Boost)  
  35  3:02  Gateway  
  35  3:07  Gateway  
  35  3:08  Probe (Chrono Boost)  
  35  3:11  Probe (Chrono Boost)  
  37  3:19  Probe (Chrono Boost)  
  38  3:20  Stalker  
  38  3:22  Probe (Chrono Boost)  
  38  3:26  Observer  
  41  3:27  Pylon  
  41  3:32  Probe (Chrono Boost)  
  41  3:33  Probe (Chrono Boost)  
  44  3:44  Probe x2 (Chrono Boost)  
  44  3:45  Observer  
  47  3:53  Assimilator  
  47  3:54  Probe (Chrono Boost)  
  49  3:56  Probe (Chrono Boost), Pylon  
  49  3:57  Assimilator  
  49  4:05  Probe (Chrono Boost)  
  49  4:08  Probe (Chrono Boost)  
  51  4:15  Probe (Chrono Boost)  
  52  4:17  Stalker x3  
  52  4:20  Probe (Chrono Boost)  
  59  4:26  Probe (Chrono Boost)  
  59  4:27  Robotics Bay  
  59  4:28  Observer  
  59  4:30  Pylon  
  61  4:45  Pylon  
  61  4:47  Pylon  
  61  4:52  Stalker x2  
  63  4:53  Stalker  
  67  5:03  Gateway  
  67  5:04  Gateway x2  
  67  5:10  Colossus  
  67  5:11  Extended Thermal Lance  
  67  5:13  Probe (Chrono Boost)  
  67  5:14  Probe (Chrono Boost)  
  75  5:37  Nexus  
  75  5:39  Pylon  
  75  5:46  Pylon  
  75  5:47  Probe (Chrono Boost)  
  75  5:48  Probe (Chrono Boost)  
  77  5:58  Colossus  
  77  6:00  Twilight Council  
  77  6:04  Forge  
  77  6:09  Probe (Chrono Boost)  
  77  6:11  Probe (Chrono Boost)  
  85  6:22  Probe (Chrono Boost), Pylon  
  85  6:23  Probe (Chrono Boost)  
  87  6:26  Pylon  
  87  6:27  Sentry x2  
  87  6:28  Protoss Ground Weapons Level 1  
  87  6:31  Adept  
  87  6:32  Blink  
  94  6:34  Probe (Chrono Boost)  
  94  6:35  Zealot x2  
  94  6:36  Zealot  
  100  6:48  Colossus  
  100  6:49  Probe (Chrono Boost)  
  100  6:50  Probe (Chrono Boost)  
  102  6:59  Probe (Chrono Boost)  
  110  7:01  Probe (Chrono Boost)  
  110  7:05  Probe (Chrono Boost)  
  111  7:10  Assimilator  
  111  7:11  Probe (Chrono Boost)  
  111  7:12  Assimilator  
  111  7:14  Probe (Chrono Boost)  
  114  7:17  Probe (Chrono Boost)  
  115  7:24  Probe (Chrono Boost)  
  115  7:26  Probe (Chrono Boost)  
  115  7:28  Zealot x5  
  115  7:29  Probe (Chrono Boost)  
  127  7:36  Templar Archives, Probe (Chrono Boost)  
  129  7:38  Probe (Chrono Boost)  
  130  7:47  Gateway  
  129  7:52  Pylon x2  
  129  7:54  Pylon  
  129  7:57  Gateway  
  129  8:02  Colossus  
  129  8:11  Psionic Storm  
  135  8:16  High Templar  
  135  8:17  High Templar  
  135  8:18  Zealot x4  
  147  8:20  Charge  
  147  8:32  Nexus, Protoss Ground Weapons Level 2  
  147  8:36  Pylon  
  147  8:51  Warp Prism  
  147  8:56  High Templar x2  
  147  8:59  High Templar  
  147  9:00  Zealot x3  
  161  9:02  Zealot  
  161  9:03  High Templar  
  165  9:18  Pylon  
  165  9:20  Pylon  
  165  9:21  Pylon  
  165  9:23  Pylon  
  165  9:28  Pylon  
  165  9:29  Colossus  
  165  9:38  Stalker x5  
  173  9:39  Stalker x2  
  173  9:40  Stalker  
  187  9:53  Gateway  
  187  9:54  Gateway  
  187  9:56  Gateway  
  187  9:58  Gateway  
  187  10:02  Stargate x2  
  187  10:10  Stalker x2  
  187  10:11  Stalker  
  193  10:17  Stalker x2  
  197  10:23  Stalker  
  197  10:54  Archon  
  197  10:55  Archon x2  
  197  10:58  Stalker  
Show
View Real Time Build Order
Export as new Build Order

A.I. 1 (Very Easy) Terran 

Build Orders:  

Get SALT Encoding   

  12  0:00  SCV  
  13  0:13  SCV  
  14  0:20  Supply Depot  
  14  0:36  Refinery  
  14  0:45  Barracks  
  14  1:05  Supply Depot  
  14  1:13  Refinery  
  14  1:32  Marine  
  15  1:35  Orbital Command  
  15  1:51  Barracks Tech Lab  
  15  2:00  SCV  
  16  2:12  SCV  
  16  2:14  Marine  
  18  2:24  SCV  
  19  2:36  SCV  
  20  2:48  SCV  
  21  2:56  Marauder  
  23  3:00  SCV  
  24  6:23  SCV  
  24  6:24  Marine, Supply Depot  
  26  6:27  Factory  
  26  6:32  Command Center  
  26  6:35  SCV  
  27  6:47  SCV  
  27  6:48  Supply Depot  
  28  6:58  Marine  
  28  7:00  SCV  
  26  7:12  SCV, Starport  
  27  7:24  SCV  
  27  7:33  Marine  
  28  7:44  SCV  
  29  7:52  SCV, Starport Tech Lab, Refinery  
  29  7:56  Refinery  
  30  7:59  SCV  
  31  8:06  SCV  
  31  8:07  Marine  
  31  8:11  Raven  
  35  8:13  SCV  
  36  8:20  SCV  
  37  8:27  SCV  
  38  8:35  SCV  
  39  8:41  Marine  
  39  8:42  SCV  
  41  8:49  SCV  
  41  8:54  Raven  
  44  8:56  SCV  
  45  9:03  SCV  
  46  9:11  SCV  
  46  9:16  Marauder  
  49  9:18  SCV  
  50  9:25  SCV  
  51  10:32  Marine  
  51  10:34  Supply Depot  
  51  10:38  SCV  
  24  10:50  SCV  
Tags
 
Add a new tag
Caveats
  • Supply blocks, unpowered buildings, or Contaminate may cause inaccurate times.
  • Supply counts are checked every 10 seconds.